 Dungeon Crawl Stone Soup version 0.28-a0-1510-gd0f6b136d3 (webtiles) character file.

Game seed: 14249586441409793167

359 MacCMillion the Chiller (level 6, -4/44 HPs)
             Began as a Merfolk Ice Elementalist on Jan 15, 2022.
             Was an Initiate of Hepliaklqana.
             Shot with an arrow by a centaur (6 damage)
             ... on level 5 of the Dungeon.
             The game lasted 00:11:05 (5530 turns).

MacCMillion the Chiller (Merfolk Ice Elementalist)  Turns: 5530, Time: 00:11:05

Health: -4/44      AC:  5    Str:  8    XL:     6   Next: 65%
Magic:  5/10       EV: 12    Int: 16    God:    Hepliaklqana [......]
Gold:   222        SH:  0    Dex: 15    Spells: 4/11 levels left

rFire   . . .      SeeInvis .   k - +0 short sword
rCold   . . .      Faith    .   (no shield)
rNeg    . . .      Spirit   .   v - +0 leather armour {Will+}
rPois   .          Reflect  .   (no helmet)
rElec   .          Harm     .   (no cloak)
rCorr   .          Rampage  .   i - +0 pair of gloves
Will    +....                   C - +0 pair of boots
Stlth   ++........              (no amulet)
HPRegen 0.14/turn               (no ring)
MPRegen 0.12/turn               (no ring)

@: no status effects
A: (nimble swimmer 2), mertail
a: Renounce Religion


You were on level 5 of the Dungeon.
You worshipped Hepliaklqana.
Hepliaklqana was noncommittal.
You visited 2 branches of the dungeon, and saw 6 of its levels.

You collected 222 gold pieces.

Inventory:

Hand Weapons
 k - a +0 short sword (weapon)
 o - a +0 halberd
 r - a +0 trident
Missiles
 g - 5 poisoned darts
 x - 4 boomerangs
Armour
 a - a +0 robe
 d - a +0 ring mail
 i - a +0 pair of gloves (worn)
 v - a +0 leather armour of willpower (worn)
 C - a +0 pair of boots (worn)
Magical Staves
 l - a staff of cold
Jewellery
 q - a ring of see invisible
Wands
 t - a wand of digging (1)
Scrolls
 c - 4 scrolls of fear {unknown}
 f - a scroll of fog {unknown}
 j - a scroll of blinking {unknown}
 m - a scroll of enchant weapon {unknown}
 n - a scroll of vulnerability {unknown}
 p - 3 scrolls of identify {unknown}
 s - 2 scrolls of teleportation {unknown}
 w - a scroll of immolation {unknown}
 y - a scroll of noise {unknown}
 B - a scroll of magic mapping {unknown}
Potions
 b - a potion of resistance {unknown}
 e - 2 potions of attraction {unknown}
 h - 3 potions of degeneration {unknown}
 u - a potion of mutation {unknown}
 z - a potion of heal wounds {unknown}
 A - a potion of brilliance {unknown}


   Skills:
 + Level 1.9 Fighting
 - Level 2.6 Dodging
 - Level 2.1 Stealth
 - Level 3.0 Spellcasting
 + Level 1.3 Conjurations
 + Level 7.3 Ice Magic


You had 4 spell levels left.
You knew the following spells:

 Your Spells              Type           Power      Damage    Failure   Level
a - Freeze                Ice            100%       1d11      1%          1
b - Frozen Ramparts       Ice            50%        1d7       4%          3
c - Ozocubu's Armour      Ice            25%        N/A       4%          3

Your spell library contained the following spells:

 Spells                   Type           Power      Damage    Failure   Level
 Magic Dart               Conj           24%        1d4       16%         1
 Call Imp                 Summ           2%         N/A       38%         2
 Hailstorm                Conj/Ice       16%        3d6       41%         4
 Mephitic Cloud           Conj/Pois/Air  3%         N/A       56%         3
 Confusing Touch          Hex            2%         N/A       63%         3
 Animate Dead             Necr           1%         N/A       95%         4
 Borgnjor's Vile Clutch   Necr/Erth      1%         N/A       100%        5
 Yara's Violent Unravell  Hex/Tmut       1%         3d3       100%        5
 Death Channel            Necr           1%         N/A       100%        6
 Enfeeble                 Hex            1%         N/A       100%        7


Dungeon Overview and Level Annotations

Branches:
Dungeon (5/15)             Temple (1/1) D:4

Altars:
Ashenzari
Cheibriados
Fedhas
Gozag
Hepliaklqana
Kikubaaqudgha
Makhleb
Nemelex Xobeh
Okawaru
Qazlal
Ru
Sif Muna
Trog
Vehumet
Xom
Yredelemnul
Zin
The Shining One

Annotations:
D:3 Grinder
D:5 Pikel


Innate Abilities, Weirdness & Mutations

((You are very nimble when in or above water. (Stealth+, EV+, Speed+++)))
Your lower body shifts to a powerful aquatic tail in water.


Message History

Unknown command.
Your frozen ramparts will break if you move.
Continue?
Okay, then.
Aiming: Freeze (safe; 1% risk of failure)
Press: ? - help, Q - select action, (/) - cycle Shift-Dir - straight line, f - lemure
Aim: a lemure (heavily wounded)
You freeze the lemure.
The lemure is severely wounded.
The wall freezes the lemure.
The lemure misses you.
Unknown command.
The frozen ramparts melt away.
The lemure completely misses you.
Unknown command.
The gnoll closely misses you. The gnoll hits you with a +0 halberd.
* * * LOW HITPOINT WARNING * * *
Aiming: Freeze (safe; 1% risk of failure)
Press: ? - help, Q - select action, (/) - cycle Shift-Dir - straight line, f/p - lemure
Aim: a lemure (severely wounded)
You freeze the lemure.
The lemure is severely wounded.
The lemure hits you.
* * * LOW HITPOINT WARNING * * *
The gnoll hits you with a +0 halberd.
* * * LOW HITPOINT WARNING * * *
Aiming: Freeze (safe; 1% risk of failure)
Press: ? - help, Q - select action, (/) - cycle Shift-Dir - straight line, f - gnoll, p - lemure
Aim: a gnoll, wielding a +0 halberd (almost dead)
You freeze the gnoll.
You kill the gnoll!
The lemure hits you but does no damage.
You see here a +0 halberd.
Unknown command.
Found a stone staircase leading up.
A centaur comes into view.
Found a sedimented white potion.
The centaur shouts!
The centaur wields a +0 shortbow.
The centaur shoots an arrow.
The arrow closely misses you.
The centaur shoots an arrow.
The arrow hits you.
You die...

#.. ..##.. #...
c...... #...
##....... #...
.........
####...#####.#.....
..............#..#
...............<.#
..........5...#
#.#....####@##
#.#................
#.#....#######!####
#.#..<.# # #.#....#
#####...)..##
#.......))..#
#......#.##.##
#.......)....##


You could see a lemure and a centaur.

Vanquished Creatures
  A centaur (D:4)
  Terence (D:3)
  Natasha (thrice) (D:3)
  Robin (D:2)
  7 gnolls
  4 adders
  A worm (D:3)
  3 orcs (D:3)
  An endoplasm (D:1)
  3 giant cockroaches
  11 goblins
  8 hobgoblins
  A quokka (D:1)
  3 ball pythons
  5 bats
  4 frilled lizards
  5 kobolds
  3 rats
65 creatures vanquished.

Vanquished Creatures (others)
  An endoplasm (D:4)
  A ball python (D:4)
2 creatures vanquished.

Grand Total: 67 creatures vanquished

Notes
Turn   | Place    | Note
-------+----------+-------------------------------------------
     0 | D:1      | MacCMillion the Merfolk Ice Elementalist began the quest
                  | for the Orb.
     0 | D:1      | Reached XP level 1. HP: 13/13 MP: 3/3
   515 | D:1      | Reached XP level 2. HP: 19/19 MP: 1/5
  2211 | D:2      | Reached skill level 5 in Ice Magic
  2211 | D:2      | Reached XP level 3. HP: 24/24 MP: 0/7
  2250 | D:1      | Learned a level 3 spell: Frozen Ramparts
  2289 | D:1      | Learned a level 3 spell: Ozocubu's Armour
  2356 | D:2      | Found a faded altar of an unknown god.
  2542 | D:2      | Noticed Robin
  2552 | D:2      | Killed Robin
  2553 | D:2      | Reached XP level 4. HP: 25/30 MP: 2/8
  3221 | D:3      | Noticed Natasha
  3227 | D:3      | Killed Natasha
  3228 | D:3      | Reached skill level 6 in Ice Magic
  3295 | D:3      | Noticed Terence
  3301 | D:3      | Reached XP level 5. HP: 35/35 MP: 2/9
  3303 | D:3      | Killed Terence
  3686 | D:3      | Noticed Grinder
  3771 | D:3      | Noticed Natasha
  3780 | D:3      | Killed Natasha
  3840 | D:3      | Noticed Natasha
  4067 | D:3      | Killed Natasha
  4068 | D:3      | Reached skill level 7 in Ice Magic
  4407 | D:4      | Found a staircase to the Ecumenical Temple.
  4415 | Temple   | Entered the Ecumenical Temple
  4569 | Temple   | Became a worshipper of Hepliaklqana the Forgotten
  4708 | D:4      | Reached XP level 6. HP: 42/42 MP: 5/10
  4783 | D:4      | Found a shimmering altar of Xom.
  4786 | D:4      | Noticed an angel
  4794 | D:4      | Found a glowing silver altar of Zin.
  4800 | D:4      | Reached skill level 1 in Fighting
  4800 | D:4      | Reached skill level 1 in Conjurations
  5493 | D:5      | Entered Level 5 of the Dungeon
  5501 | D:5      | Noticed Pikel
  5518 | D:5      | HP: 1/44 [gnoll (4)]
  5530 | D:5      | Shot with an arrow by a centaur

Illustrated notes

Levels and vault maps discovered:
D:1:      lemuel_arrival_rhombus, layout_basic
D:2:      layout_basic, chequers_ecumenical_altar_simple_redux, corner_web_ring,
          minmay_pentomino_z2, uniq_robin
D:3:      layout_rooms, uniq_natasha, uniq_terence, uniq_grinder
D:4:      layout_loops_cross, grunt_temple_overflow_order_and_chaos_1,
          minmay_temple_entry_butterflies
D:5:      layout_loops_cross, uniq_pikel
Temple:   nicolae_temple_elliptical

Skill      XL: |  1  2  3  4  5  6 |
---------------+-------------------+-----
Ice Magic      | 5 6 7 |  7.3
Spellcasting   | 3 |  3.0
Fighting       | 1 |  1.9
Conjurations   | 1 |  1.3
Dodging        | |  2.6
Stealth        | |  2.1

Action                   |  1- 3 |  4- 6 || total
-------------------------+-------+-------++-------
Melee: Unarmed           |     9 |       ||     9
       Short sword       |    14 |     6 ||    20
 Cast: Freeze            |    42 |    44 ||    86
       Frozen Ramparts   |     3 |     7 ||    10
       Ozocubu's Armour  |       |     1 ||     1
 Stab: Sleeping          |     1 |     2 ||     3
Armor: Robe              |     9 |     2 ||    11
       Leather armour    |       |     4 ||     4
Dodge: Dodged            |    31 |    45 ||    76

Table legend: (Time is in decaauts)
 A = Elapsed time spent in this place.
 B = Non-inter-level travel time spent in this place.
 C = Inter-level travel time spent in this place.
 D = Time resting spent in this place.
 E = Time spent auto-exploring this place.
 F = Levels seen in this place.
 G = Mean time per level.
                   A        B        C        D        E       F      G
               +--------+--------+--------+--------+--------+-----+--------+
         Total |   5535 |   5102 |    433 |   1317 |   3045 |   6 |  922.5 |
       Dungeon |   5364 |   4963 |    401 |   1317 |   2927 |   5 | 1072.8 |
        Temple |    170 |    138 |     32 |      0 |    118 |   1 |  170.0 |
               +--------+--------+--------+--------+--------+-----+--------+

Top non-repeatable levels by time:
     D:1: 2061 daAuts
     D:3: 1341 daAuts
     D:2: 1052 daAuts
     D:4: 872 daAuts
  Temple: 170 daAuts
     D:5: 36 daAuts
